 Dungeon Sprint DCSS version 0.28-a0-224-g76b539d98b (webtiles) character file.

Game seed: 9600876131774165349

33247 MikeHunt the Demonic Aeon (level 13, -11/112 HPs)
             Began as a Demonspawn Hunter on Aug 21, 2021.
             Was the Champion of Cheibriados.
             Mangled by a nagaraja (30 damage)
             ... in the Dungeon (Sprint IX: "|||||||||||||||||||||||||||||").
             The game lasted 00:12:42 (2560 turns).

MikeHunt the Demonic Aeon (Demonspawn Hunter)       Turns: 2560, Time: 00:12:42

Health: -11/112    AC: 44    Str: 23    XL:     13   Next: 35%
Magic:  29/33      EV: 12    Int: 29    God:    Cheibriados [******]
Gold:   467        SH:  0    Dex: 32    Spells: 12/12 levels left

rFire   + . .      SeeInvis .     - Unarmed
rCold   + + .      Faith    .   (no shield)
rNeg    . . .      Spirit   .   p - +11 crystal plate armour of Discretion {rC+}
rPois   .          Reflect  .   (helmet unavailable)
rElec   +          Harm     .   y - +2 cloak
rCorr   +          Rampage  .   z - +2 pair of gloves {archery}
Will    +....      NoTele   +   l - +0 pair of boots
Stlth   ..........              (no amulet)
HPRegen 0.28/turn               t - ring of Awe {rElec rF+ rC+ Str-5}
MPRegen 0.23/turn               s - ring of the Greedy {rElec Will+ rCorr MP+9}

@: lethally poisoned (-11 -> -27), weakened, constricted, very slow
A: horns 3, molten scales 2, powered by pain 1
a: Renounce Religion, Bend Time, Temporal Distortion, Slouch, Step From Time


You were in the Dungeon.
You worshipped Cheibriados.
Cheibriados was exalted by your worship.
You visited 1 branch You collected 1690 gold pieces.
You spent 1223 gold pieces at shops.

Inventory:

Hand Weapons
 a - a +0 short sword
Missiles
 d - 2 throwing nets
 f - 5 javelins (quivered)
 m - 2 curare-tipped darts
Armour
 k - a +0 kite shield of reflection {Donald}
 l - a +0 pair of boots (worn)
 p - the +11 crystal plate armour of Discretion (worn) {rC+}
   (You acquired it in the Dungeon)

   rC:        It protects you from cold.
 r - a +1 tower shield
 y - a +2 cloak (worn)
 z - a +2 pair of gloves of archery (worn)
Jewellery
 n - a +3 ring of strength
 o - a +3 ring of strength
 s - the ring of the Greedy (right hand) {rElec Will+ rCorr MP+9}
   (You bought it in a shop in the Dungeon)

   [ring of willpower]

   rElec:     It insulates you from electricity.
   MP:        It affects your magic capacity (+9).
   rCorr:     It protects you from acid and corrosion.
   Will:      It increases your willpower.
 t - the ring of Awe (left hand) {rElec rF+ rC+ Str-5}
   (You bought it in a shop in the Dungeon)

   [ring of protection from cold]

   Str:       It affects your strength (-5).
   rF:        It protects you from fire.
   rC:        It protects you from cold.
   rElec:     It insulates you from electricity.
 u - a ring of protection from fire
 v - a ring of fire
 w - a ring of protection from cold
 x - a ring of flight
Scrolls
 b - 3 scrolls of fear
 c - a scroll of enchant armour
 j - 2 scrolls of blinking
 q - 3 scrolls of identify
 A - a scroll of fog
 B - 2 scrolls of enchant weapon
Potions
 e - 7 potions of curing
 g - 6 potions of heal wounds
 h - 4 potions of magic
 i - a potion of resistance


   Skills:
 + Level 13.8 Fighting
 + Level 14.2 Throwing
 + Level 12.7 Armour
 + Level 13.9 Dodging
 - Level 0.8 Stealth
 + Level 13.8 Unarmed Combat
 - Level 14.7 Invocations
 - Level 11.8 Evocations


You had 12 spell levels left.
You didn't know any spells.
Your spell library was empty.

Dungeon Overview and Level Annotations

Branches:
Dungeon (1/1)

Altars:
Cheibriados
Dithmenos
Elyvilon
Fedhas
Gozag
Hepliaklqana
Kikubaaqudgha
Makhleb
Nemelex Xobeh
Okawaru
Qazlal
Ru
Sif Muna
Trog
Uskayaw
Vehumet
Wu Jian
Xom
Yredelemnul
Zin
The Shining One
Beogh
Jiyva
Lugonu

Shops:
D =(*:


Innate Abilities, Weirdness & Mutations

You have a pair of large horns on your head.
You are mostly covered in molten scales. (AC +3)
You sometimes gain a little power by taking damage.


Message History

The naga no longer looks unusually strong.
The nagaraja spits poison at you.
The splash of poison hits you but does no damage.
You are more poisoned.
The nagaraja constricts you.
The guardian serpent casts a spell at you.
The naga blinks!
The naga spits poison at you.
The splash of poison hits you but does no damage.
You are more poisoned.
You hit the nagaraja but do no damage.
You headbutt the nagaraja, but do no damage.
You punch the nagaraja!
The nagaraja is lightly wounded.
You feel sick. The nagaraja closely misses you. The nagaraja constricts you.
The guardian serpent casts a spell at you.
The naga warrior roars a battlecry!
The nagas go into a battle-frenzy!
The flow of time bends around you.
Cheibriados rebukes the nagaraja.
The nagaraja seems to slow down.
Cheibriados rebukes the naga.
The naga seems to slow down.
You feel very sick.
The guardian serpent casts a spell at you.
The nagaraja spits poison at you.
The splash of poison hits you but does no damage.
You are more poisoned.
The nagaraja constricts you. The naga closely misses you.
The guardian serpent casts a spell at you.
You closely miss the naga.
You feel very sick. The nagaraja hits you with a +0 flail!!
The nagaraja constricts you.
The guardian serpent casts a spell at you.
The naga hits you with a +0 scimitar!!
* * * LOW HITPOINT WARNING * * *
You punch the naga! You headbutt the naga!
The naga is severely wounded.
You feel sick. The nagaraja hits you with a +0 flail!!
You die...

))))'.......))))))).............▓
▓▓▓▓▓▓▓▓▓▓▓▓▓▓▓▓▓▓▓▓▓▓▓▓▓▓▓▓▓▓▓▓▓
[)...........)..................▓
▓▓▓▓▓▓▓▓▓▓▓▓▓▓▓▓▓▓▓▓▓▓▓▓▓▓▓▓▓▓▓.▓
[.[[[[[..)))))))).....'.........▓
▓▓▓▓▓▓▓▓▓▓▓▓▓▓▓▓▓▓▓▓▓▓▓▓▓▓▓▓▓▓▓▓▓
................................▓
▓▓▓▓▓▓▓▓▓▓▓▓▓▓▓▓▓▓▓▓▓▓▓▓▓▓▓▓▓▓▓.▓
...SNSN@N).............▓
▓▓▓▓▓▓▓▓▓▓▓▓▓▓▓▓▓▓▓▓▓▓▓▓


You could see a naga warrior, a nagaraja (fast, strong, slow, catching breath),
an anaconda, a guardian serpent and a naga (strong, slow).

Vanquished Creatures
  Gastronok (D)
  Donald (D)
  A fire giant (D)
  A very ugly thing (D)
  An ettin (D)
  Josephine (D)
  An ice dragon (D)
  A salamander tyrant (D)
  A hydra (D)
  A catoblepas (D)
  A rakshasa (D)
  An ogre mage (D)
  A centaur warrior (D)
  7 two-headed ogres (D)
  A tengu warrior (D)
  A shock serpent (D)
  4 death yaks (D)
  2 vampire magi (D)
  Sonja (D)
  Nergalle (D)
  A wizard (D)
  4 orc knights (D)
  2 ugly things (D)
  A deep elf pyromancer (D)
  A manticore (D)
  A black mamba (D)
  A naga mage (D)
  Joseph (D)
  A gargoyle (D)
  3 cane toads (D)
  An unseen horror (D)
  A komodo dragon (shapeshifter) (D)
  An efreet (D)
  A troll (shapeshifter) (D)
  A troll (D)
  2 slime creatures (D)
  Eustachio (D)
  5 wraiths (D)
  8 yaks (D)
  4 water moccasins (D)
  7 orc warriors (D)
  6 ogres (D)
  4 centaurs (D)
  4 bullfrogs (D)
  A howler monkey (D)
  3 orc priests (D)
  4 orc wizards (D)
  A dart slug (D)
  9 orcs (D)
  A giant cockroach (D)
  A hobgoblin (D)
  A jackal (D)
  A ball python (D)
  A rat (D)
115 creatures vanquished.

Vanquished Creatures (others)
  A yak (D)
1 creature vanquished.

Grand Total: 116 creatures vanquished

Notes
Turn   | Place    | Note
-------+----------+-------------------------------------------
     0 | D        | MikeHunt the Demonspawn Hunter began the quest for the Orb.
     0 | D        | Reached XP level 1. HP: 16/16 MP: 1/1
     6 | D        | Banished a spatial maelstrom
     9 | D        | Reached skill level 1 in Unarmed Combat
    80 | D        | Noticed a centaur
    80 | D        | Noticed an ogre
    80 | D        | Noticed a howler monkey
    82 | D        | Gained mutation: You have a pair of small horns on your
                  | head. [demonic ancestry]
    82 | D        | Reached XP level 2. HP: 22/22 MP: 2/2
    85 | D        | Killed an ogre
    86 | D        | Reached skill level 5 in Throwing
    86 | D        | Reached XP level 3. HP: 4/27 MP: 3/3
    86 | D        | Gained mutation: You are partially covered in molten
                  | scales. (AC +2) [demonic ancestry]
    86 | D        | Reached XP level 4. HP: 5/33 MP: 4/4
    87 | D        | Killed a centaur
    88 | D        | Reached skill level 5 in Unarmed Combat
    88 | D        | Gained mutation: You sometimes gain a little power by
                  | taking damage. [demonic ancestry]
    88 | D        | Reached XP level 5. HP: 30/38 MP: 5/5
   101 | D        | Found a snail-covered altar of Cheibriados.
   101 | D        | Found a shadowy altar of Dithmenos.
   101 | D        | Found a blossoming altar of Fedhas.
   101 | D        | Found an opulent altar of Gozag.
   102 | D        | Found a hazy altar of Hepliaklqana.
   103 | D        | Found a viscous altar of Jiyva.
   104 | D        | Found an ancient bone altar of Kikubaaqudgha.
   109 | D        | Became a worshipper of Cheibriados the Contemplative
   110 | D        | Found a corrupted altar of Lugonu.
   111 | D        | Found a burning altar of Makhleb.
   112 | D        | Found a sparkling altar of Nemelex Xobeh.
   113 | D        | Found an iron altar of Okawaru.
   114 | D        | Found a stormy altar of Qazlal.
   115 | D        | Found a sacrificial altar of Ru.
   116 | D        | Found a shimmering blue altar of Sif Muna.
   117 | D        | Found a bloodstained altar of Trog.
   118 | D        | Found a hide-covered altar of Uskayaw.
   119 | D        | Found a radiant altar of Vehumet.
   120 | D        | Found an ornate altar of the Wu Jian Council.
   121 | D        | Found a shimmering altar of Xom.
   122 | D        | Found a basalt altar of Yredelemnul.
   170 | D        | Noticed a centaur
   170 | D        | Noticed a centaur
   170 | D        | Noticed a yak
   170 | D        | Noticed a gargoyle
   173 | D        | Killed a centaur
   174 | D        | Reached skill level 1 in Armour
   174 | D        | Reached skill level 1 in Evocations
   174 | D        | Gained mutation: You have a pair of horns on your head.
                  | [demonic ancestry]
   174 | D        | Reached XP level 6. HP: 22/46 MP: 5/7
   174 | D        | Killed a yak
   186 | D        | Killed a gargoyle
   186 | D        | Reached * piety under Cheibriados
   201 | D        | Killed an unseen horror
   201 | D        | Reached ** piety under Cheibriados
   202 | D        | Reached skill level 5 in Invocations
   202 | D        | Reached XP level 7. HP: 22/55 MP: 9/11
   380 | D        | Noticed a troll
   380 | D        | Noticed a green ugly thing
   380 | D        | Noticed a centaur warrior
   380 | D        | Noticed a deep elf pyromancer
   380 | D        | Noticed a slime creature
   384 | D        | Killed a centaur warrior
   384 | D        | Reached *** piety under Cheibriados
   385 | D        | Reached skill level 5 in Armour
   385 | D        | Reached skill level 5 in Evocations
   385 | D        | Gained mutation: You are mostly covered in molten scales.
                  | (AC +3) [demonic ancestry]
   385 | D        | Reached XP level 8. HP: 29/64 MP: 11/13
   386 | D        | Killed a slime creature
   387 | D        | Killed a deep elf pyromancer
   387 | D        | Reached **** piety under Cheibriados
   388 | D        | Reached XP level 9. HP: 28/71 MP: 11/15
   390 | D        | Killed a green ugly thing
   392 | D        | Killed a troll
   708 | D        | Acquired the +11 crystal plate armour of Discretion {rC+}
   733 | D        | Noticed a cane toad
   733 | D        | Noticed a cane toad
   735 | D        | Reached ***** piety under Cheibriados
   736 | D        | Noticed a cane toad
   748 | D        | Killed a cane toad
   752 | D        | Killed a cane toad
   753 | D        | Reached skill level 10 in Throwing
   755 | D        | Killed a cane toad
   756 | D        | Reached skill level 10 in Invocations
   756 | D        | Reached XP level 10. HP: 39/80 MP: 17/17
   948 | D        | Noticed a five-headed hydra
   955 | D        | Reached ****** piety under Cheibriados
   959 | D        | Killed a five-headed hydra
   960 | D        | Reached skill level 10 in Dodging
   984 | D        | Reached skill level 10 in Unarmed Combat
   994 | D        | Noticed a death yak
   994 | D        | Noticed a catoblepas
   994 | D        | Noticed a death yak
   994 | D        | Noticed a catoblepas
   996 | D        | Noticed a death yak
   996 | D        | Noticed a death yak
  1034 | D        | Killed a death yak
  1034 | D        | Killed a death yak
  1034 | D        | Killed a death yak
  1035 | D        | Killed a catoblepas
  1036 | D        | Gained mutation: You have a pair of large horns on your
                  | head. [demonic ancestry]
  1036 | D        | Reached XP level 11. HP: 72/90 MP: 9/20
  1045 | D        | Killed a death yak
  1046 | D        | Reached skill level 10 in Fighting
  1124 | D        | Noticed Eustachio
  1132 | D        | Killed Eustachio
  1156 | D        | Noticed Sonja
  1166 | D        | Killed Sonja
  1313 | D        | Noticed an orc knight
  1320 | D        | Noticed an orc knight
  1321 | D        | Killed an orc knight
  1322 | D        | Reached skill level 10 in Evocations
  1325 | D        | Noticed an orc knight
  1332 | D        | Killed an orc knight
  1334 | D        | Noticed an orc knight
  1336 | D        | Killed an orc knight
  1342 | D        | Killed an orc knight
  1582 | D        | Found Cirghali's Book Boutique.
  1582 | D        | Noticed a two-headed ogre
  1582 | D        | Noticed a two-headed ogre
  1582 | D        | Noticed an ogre mage
  1582 | D        | Noticed a two-headed ogre
  1582 | D        | Noticed a two-headed ogre
  1585 | D        | Noticed a two-headed ogre
  1586 | D        | Killed a two-headed ogre
  1590 | D        | Paralysed by an ogre mage for 5 turns
  1597 | D        | Killed an ogre mage
  1599 | D        | Killed a two-headed ogre
  1600 | D        | Reached skill level 10 in Armour
  1602 | D        | Killed a two-headed ogre
  1603 | D        | Killed a two-headed ogre
  1604 | D        | Reached XP level 12. HP: 89/100 MP: 22/22
  1605 | D        | Killed a two-headed ogre
  1606 | D        | Found Ucrod's General Store.
  1616 | D        | Found Qyxoq's Weapon Boutique.
  1620 | D        | Found Woesoyt's Jewellery Shop.
  1623 | D        | Noticed a two-headed ogre
  1623 | D        | Noticed a two-headed ogre
  1627 | D        | Killed a two-headed ogre
  1632 | D        | Killed a two-headed ogre
  1656 | D        | Bought the ring of the Greedy {rElec Will+ rCorr MP+9} for
                  | 762 gold pieces
  1670 | D        | Bought the ring of Awe {rElec rF+ rC+ Str-5} for 461 gold
                  | pieces
  1736 | D        | Noticed Gastronok
  1738 | D        | Noticed Joseph
  1749 | D        | Killed Gastronok
  1756 | D        | Killed Joseph
  1782 | D        | Noticed Josephine
  1786 | D        | Killed Josephine
  1893 | D        | Noticed a tengu warrior
  1905 | D        | Noticed an ettin
  1909 | D        | Noticed a fire giant
  1912 | D        | Killed a tengu warrior
  1913 | D        | Noticed a purple very ugly thing
  1917 | D        | Noticed a vampire mage
  1924 | D        | Killed a fire giant
  1925 | D        | Killed a purple very ugly thing
  1926 | D        | Killed an ettin
  1927 | D        | Reached XP level 13. HP: 47/111 MP: 24/24
  1929 | D        | Noticed a jiangshi
  1982 | D        | Noticed a jiangshi
  2211 | D        | Noticed Donald
  2224 | D        | Killed Donald
  2467 | D        | Noticed Nergalle
  2479 | D        | Killed Nergalle
  2536 | D        | Noticed a nagaraja
  2560 | D        | Mangled by a nagaraja

Illustrated notes

Levels and vault maps discovered:
D:        linesprint [early_d, line_temple, items_1, d_10, items_2, lair_1,
          lair_end, items_3, orc_1, orc_end, items_4, d_15, swamp_1, shoals_1,
          snake_1, spider_1, d_20, vaults_1, items_5, swamp_end, shoals_end,
          snake_end, spider_end, vaults_end, d_27, items_6, zot_1, zot_end,
          crypt_end, forest_end, elf_end, slime_end, tomb_end, abyss_end,
          pan_hell_end]

Skill      XL: |  1  2  3  4  5  6  7  8  9 10 11 12 13 |
---------------+----------------------------------------+-----
Dodging        | 2 4 6 7 8 9 10 11 13 | 13.9
Unarmed Combat | 1 4 5 6 7 8 9 10 11 13 | 13.8
Throwing       | 4 5 6 7 8 9 10 11 12 13 14 | 14.2
Armour         | 1 3 5 7 8 10 11 12 | 12.7
Invocations    | 2 5 7 8 10 12 13 14 | 14.7
Evocations     | 1 4 5 6 7 9 11 | 11.8
Fighting       | 4 6 8 9 11 13 | 13.8
Stealth        | |  0.8

Action                   |  1- 3 |  4- 6 |  7- 9 | 10-12 | 13-15 || total
-------------------------+-------+-------+-------+-------+-------++-------
Melee: Short sword       |    13 |     6 |       |       |       ||    19
       Unarmed           |       |    11 |    27 |   185 |    67 ||   290
       Headbutt          |       |     6 |    10 |    72 |    34 ||   122
       Punch             |       |       |     5 |    14 |     7 ||    26
Throw: Javelin           |     5 |     7 |     7 |    21 |       ||    40
Invok: Slouch            |       |       |       |     6 |     2 ||     8
       Step From Time    |       |       |       |     1 |       ||     1
       Temporal Distorti |       |       |       |     2 |       ||     2
       Bend Time         |       |       |       |       |     2 ||     2
Evoke: Wand              |       |     2 |       |     8 |       ||    10
  Use: Potion            |     1 |     4 |       |       |       ||     5
       Scroll            |       |       |     1 |     3 |       ||     4
 Stab: Invisible         |       |     1 |       |       |       ||     1
       Petrified         |       |       |       |     6 |       ||     6
Armor: Leather armour    |     2 |     2 |       |       |       ||     4
       Chain mail        |       |     9 |       |       |       ||     9
       Crystal plate arm |       |       |     7 |   101 |    40 ||   148
Dodge: Dodged            |     6 |    10 |     8 |   116 |    36 ||   176

Table legend: (Time is in decaauts)
 A = Elapsed time spent in this place.
 B = Non-inter-level travel time spent in this place.
 C = Inter-level travel time spent in this place.
 D = Time resting spent in this place.
 E = Time spent auto-exploring this place.
 F = Levels seen in this place.
 G = Mean time per level.
                   A        B        C        D        E       F      G
               +--------+--------+--------+--------+--------+-----+--------+
         Total |   3038 |   3038 |      0 |   1355 |      0 |   1 | 3038.0 |
       Dungeon |   3038 |   3038 |      0 |   1355 |      0 |   1 | 3038.0 |
               +--------+--------+--------+--------+--------+-----+--------+

Top non-repeatable levels by time:
       D: 3038 daAuts
